 Dungeon Crawl Stone Soup version 0.24-a0-443-g80245de385 (webtiles) character file.

Game seed: 253184746082825570

14585 Arthanis the Arsonist (level 11, 0/60 HPs)
             Began as a Deep Elf Fire Elementalist on June 20, 2019.
             Was an Elder of Vehumet.
             Slain by an eight-headed hydra (11 damage)
             ... on level 12 of the Dungeon on June 21, 2019.
             The game lasted 00:37:37 (9915 turns).

Arthanis the Arsonist (Deep Elf Fire Elementalist)  Turns: 9915, Time: 00:37:38

Health: 0/60       AC: 10    Str:  5    XL:     11   Next: 90%
Magic:  7/27       EV: 14    Int: 27    God:    Vehumet [****..]
Gold:   1082       SH:  3    Dex: 15    Spells: 3/31 levels left

rFire    . . .     SeeInvis .   v - +4 executioner's axe (elec)
rCold    . . .     Gourm    .   (shield currently unavailable)
rNeg     . . .     Faith    .   Q - +1 troll leather armour
rPois    +         Spirit   .   p - +2 hat {Int+3}
rElec    .         Reflect  +   s - +0 cloak
rCorr    .         Harm     .   e - +1 pair of gloves
MR       +....                  (no boots)
Stlth    ++........             y - +3 amulet of reflection
HPRegen  0.60/turn              D - ring of poison resistance
MPRegen  0.20/turn              (no ring)

@: studying Poison Magic
A: no potion heal 1
a: Renounce Religion


You were on level 12 of the Dungeon.
You worshipped Vehumet.
Vehumet was greatly pleased with you.
You were not hungry.

You visited 2 branches of the dungeon, and saw 13 of its levels.
You also visited: Bailey.

You collected 1082 gold pieces.

Inventory:

Hand Weapons
 j - a +0 glaive
 l - a +0 rapier
 n - a +0 long sword
 v - a +4 executioner's axe of electrocution (weapon)
 C - a +1 dagger of electrocution
Missiles
 u - 7 throwing nets (quivered)
Armour
 a - a +0 robe
 b - the +1 leather armour "Patzav" {MR+}
   (You found it on level 7 of the Dungeon)

   It affects your resistance to hostile enchantments.
 e - a +1 pair of gloves (worn)
 p - a +2 hat of intelligence (worn)
 s - a +0 cloak (worn)
 t - the +1 helmet of Pienk {rElec Stlth+}
   (You found it on level 4 of the Dungeon)

   It insulates you from electricity.
   It makes you more stealthy.
 Q - a +1 troll leather armour (worn)
Magical Staves
 B - an uncursed staff of air
Jewellery
 f - an uncursed ring of protection from cold
 y - a +3 amulet of reflection (around neck)
 D - a ring of poison resistance (left hand)
Wands
 F - a wand of clouds (8)
 H - a wand of digging (6)
Scrolls
 q - a scroll of magic mapping
 r - 5 scrolls of enchant weapon
 G - 2 scrolls of remove curse
 I - 2 scrolls of amnesia
 K - a scroll of teleportation
 L - a scroll of blinking {unknown}
 O - a scroll of fog
Potions
 d - 2 potions of heal wounds
 g - 2 potions of flight {unknown}
 h - 2 potions of degeneration {unknown}
 k - 5 potions of curing
 m - 2 potions of haste
 o - 2 potions of resistance
 w - a potion of brilliance {unknown}
 z - a potion of ambrosia {unknown}
 A - a potion of agility
 E - 2 potions of invisibility {unknown}
 J - 2 potions of berserk rage {unknown}
 M - 3 potions of mutation {unknown}
Books
 N - a manual of Poison Magic
Miscellaneous
 x - a lightning rod (4/4)
Comestibles
 c - 22 rations


   Skills:
 + Level 3.0 Fighting
 + Level 3.6 Armour
 + Level 5.1 Dodging
 - Level 3.0 Stealth
 + Level 10.5 Spellcasting
 * Level 12.0 Conjurations
 * Level 12.2 Fire Magic
 - Level 2.1 Ice Magic
 - Level 4.0 Evocations


You had 3 spell levels left.
You knew the following spells:

 Your Spells              Type           Power        Failure   Level  Hunger
a - Flame Tongue          Conj/Fire      #####        1%          1    None
b - Conjure Flame         Conj/Fire      ######..     1%          3    None
c - Sticky Flame          Conj/Fire      ######..     1%          4    None
d - Fireball              Conj/Fire      ######....   1%          5    ###....
e - Magic Dart            Conj           ####         1%          1    None
f - Freezing Cloud        Conj/Ice/Air   #####.....   32%         6    #####..
g - Mephitic Cloud        Conj/Pois/Air  #####...     1%          3    None
h - Bolt of Magma         Conj/Fire/Erth ######....   1%          5    ###....

Your spell library contained the following spells:

 Spells                   Type           Power        Failure   Level  Hunger
 Freeze                   Ice            ####         1%          1    None
 Throw Flame              Conj/Fire      ######       1%          2    None
 Throw Frost              Conj/Ice       ######       1%          2    None
 Inner Flame              Hex/Fire       #####...     1%          3    None
 Animate Skeleton         Necr           N/A          6%          1    None
 Apportation              Tloc           ##....       6%          1    None
 Confusing Touch          Hex            ##....       6%          1    None
 Summon Small Mammal      Summ           ##..         6%          1    None
 Call Imp                 Summ           ##......     10%         2    None
 Poisonous Vapours        Pois/Air       ##....       10%         2    None
 Ozocubu's Armour         Chrm/Ice       ###.....     12%         3    None
 Call Canine Familiar     Summ           ##......     19%         3    None
 Confuse                  Hex            ##......     19%         3    None
 Gell's Gravitas          Tloc           ##........   19%         3    None
 Summon Guardian Golem    Hex/Summ       ##......     19%         3    None
 Throw Icicle             Conj/Ice       ######..     1%          4    None
 Summon Ice Beast         Ice/Summ       ###.....     38%         4    None
 Yara's Violent Unravell  Hex/Tmut       ##........   41%         5    ###....
 Petrify                  Tmut/Erth      ##......     54%         4    None
 Summon Lightning Spire   Summ/Air       ##......     54%         4    None
 Metabolic Englaciation   Hex/Ice        ###.......   75%         5    ###....
 Ring of Flames           Chrm/Fire      #####.....   99%         7    ######.


Dungeon Overview and Level Annotations

Branches:
Dungeon (12/15)            Temple (1/1) D:6             Orc (0/2) D:11
   Lair: D:8-11

Altars:
Elyvilon
Gozag
Makhleb
Okawaru
Sif Muna
Vehumet
The Shining One

Annotations:
D:12 Frances, Rupert


Innate Abilities, Weirdness & Mutations

Potions are less effective at restoring your health.


Message History

You block the eight-headed hydra's attack.
The eight-headed hydra bites you.
* * * LOW HITPOINT WARNING * * *
The eight-headed hydra bites you.
* * * LOW HITPOINT WARNING * * *
The eight-headed hydra burns!
Casting: Sticky Flame (safe; 1% risk of failure)
Confirm with . or Enter, or press ? or * to list all spells.
Aiming: Fireball (safe; 1% risk of failure)
Press: ? - help, Shift-Dir - straight line, p - eight-headed hydra The fireball explodes!
The fireball engulfs the eight-headed hydra!!
The eight-headed hydra is heavily wounded.
The eight-headed hydra burns!
The eight-headed hydra completely misses you.
The eight-headed hydra bites you but does no damage.
You block the eight-headed hydra's attack.
The eight-headed hydra bites you but does no damage. x2
The eight-headed hydra bites you!
You die...

#.##.'...# ## #....#...#
.# ####'##...# .#
#....###### .# #....#
#####. .#
#######'##...... ####
......))†'...... ...#
.......)D#..... ...#
.......@.# ..#+ ...#
....####.# .# ..# ....
..+ #.. ..##. ###
#######. ..... #......
..†.. #...... ####
##################..##.#
####...
###.................##.+
.......
..#.................##.#
.......


You could see an eight-headed hydra (burning).

Vanquished Creatures
  Gastronok (D:12)
  3 death yaks (D:11)
  A deep elf mage (D:12)
  An ugly thing (D:12)
  A cyclops (D:12)
  Psyche (D:10)
  A gargoyle (D:11)
  A troll (D:10)
  2 hippogriffs
  3 wyverns
  5 yaks (D:12)
  2 hungry ghosts (D:11)
  An acid dragon (D:12)
  Duvessa (D:6)
  2 water moccasins
  A porcupine (D:11)
  A phantom (D:7)
  8 orc warriors
  An eye of draining (D:7)
  2 ice beasts
  A necrophage (D:9)
  7 ogres
  2 black bears
  11 centaurs
  A big kobold (D:9)
  6 bullfrogs
  8 gnoll sergeants (Bailey)
  Dowan (D:6)
  4 scorpions
  4 wights (D:12)
  2 howler monkeys (D:11)
  6 crimson imps
  A centaur zombie (D:7)
  6 orc priests
  7 hounds
  2 centaur skeletons
  7 gnoll shamans
  4 jellies
  2 bullfrog skeletons
  5 iguanas
  Ijyb (D:5)
  9 orc wizards
  10 worker ants
  A killer bee zombie (D:5)
  2 hound skeletons
  A hound zombie (D:6)
  A worker ant zombie (D:10)
  25 gnolls
  A river rat (D:11)
  21 adders
  4 shadow imps
  2 oozes
  An adder zombie (D:6)
  An adder skeleton (D:6)
  2 worms
  2 dart slugs
  6 leopard geckos
  41 orcs
  8 giant cockroaches
  15 goblins
  6 hobgoblins
  12 jackals
  10 kobolds
  5 quokkas
  A ball python (D:1)
  9 bats
  6 frilled lizards
  A quokka skeleton (D:10)
  6 rats (D:1)
336 creatures vanquished.

Notes
Turn   | Place    | Note
-------+----------+-------------------------------------------
     0 | D:1      | Arthanis the Deep Elf Fire Elementalist began the quest for
                  | the Orb.
     0 | D:1      | Reached XP level 1. HP: 10/10 MP: 6/6
    40 | D:1      | Reached XP level 2. HP: 15/15 MP: 1/8
   283 | D:1      | Reached XP level 3. HP: 18/19 MP: 0/9
   288 | D:1      | Learned a level 3 spell: Conjure Flame
  1159 | D:2      | Reached XP level 4. HP: 23/24 MP: 6/11
  1558 | D:3      | Learned a level 4 spell: Sticky Flame
  2039 | D:4      | Got a distressingly furry helmet
  2040 | D:4      | Identified the +1 helmet of Pienk {rElec Stlth+} (You found
                  | it on level 4 of the Dungeon)
  2154 | D:4      | Reached XP level 5. HP: 28/28 MP: 11/13
  2196 | D:4      | Noticed an ogre
  2210 | D:4      | Killed an ogre
  2210 | D:4      | Reached skill level 5 in Fire Magic
  2323 | D:4      | Reached XP level 6. HP: 30/32 MP: 9/14
  2330 | D:4      | Learned a level 5 spell: Fireball
  2586 | D:4      | Reached skill level 1 in Evocations
  3005 | D:4      | Reached skill level 5 in Spellcasting
  3059 | D:5      | Entered Level 5 of the Dungeon
  3350 | D:5      | Noticed Ijyb
  3351 | D:5      | Paralysed by Ijyb for 7 turns
  3361 | D:5      | Killed Ijyb
  3498 | D:5      | Reached skill level 5 in Conjurations
  3498 | D:5      | Reached XP level 7. HP: 32/36 MP: 14/16
  3911 | D:6      | Found a deep blue altar of Sif Muna.
  4080 | D:6      | Noticed Duvessa
  4088 | D:6      | Noticed Dowan
  4091 | D:6      | Killed Dowan
  4098 | D:6      | Killed Duvessa
  4098 | D:6      | Reached XP level 8. HP: 19/41 MP: 0/19
  4107 | D:6      | Upgraded the game from 0.24-a0-441-g27f0392e16 to
                  | 0.24-a0-443-g80245de385
  4289 | D:6      | Found a staircase to the Ecumenical Temple.
  4352 | Temple   | Entered the Ecumenical Temple
  4361 | Temple   | Became a worshipper of Vehumet
  4421 | D:6      | HP: 1/41 [orc priest/divine providence (11)]
  4887 | D:7      | Found an opulent altar of Gozag.
  4906 | D:7      | Got a bloodstained leather armour
  4917 | D:7      | Identified the +1 leather armour "Patzav" {MR+} (You found
                  | it on level 7 of the Dungeon)
  4965 | D:7      | You fall into a shaft and drop 2 floors!
  4965 | D:9      | Found a flagged portal.
  5024 | Bailey   | Entered a bailey
  5051 | Bailey   | Reached * piety under Vehumet
  5051 | Bailey   | Offered knowledge of Magic Dart by Vehumet.
  5061 | Bailey   | Learned a level 1 spell: Magic Dart
  5182 | Bailey   | Reached skill level 1 in Armour
  5401 | Bailey   | Reached XP level 9. HP: 41/45 MP: 9/21
  6068 | D:9      | Reached ** piety under Vehumet
  6110 | D:9      | Offered knowledge of Throw Frost by Vehumet.
  6729 | D:8      | Reached skill level 10 in Fire Magic
  6740 | D:8      | Offered knowledge of Ignite Poison by Vehumet.
  6863 | D:8      | Reached XP level 10. HP: 38/50 MP: 19/24
  6972 | D:8      | Reached *** piety under Vehumet
  7350 | D:7      | Reached skill level 10 in Conjurations
  7385 | D:7      | Offered knowledge of Stone Arrow by Vehumet.
  7924 | D:10     | Entered Level 10 of the Dungeon
  7994 | D:10     | Reached **** piety under Vehumet
  8188 | D:10     | Learned a level 6 spell: Freezing Cloud
  8269 | D:10     | Noticed Psyche
  8272 | D:10     | Killed Psyche
  8530 | D:11     | Reached skill level 1 in Fighting
  8535 | D:11     | Learned a level 3 spell: Mephitic Cloud
  8581 | D:11     | Noticed a death knight
  8581 | D:11     | Noticed a skeletal warrior
  8616 | D:11     | Reached skill level 1 in Ice Magic
  8642 | D:11     | Offered knowledge of Bolt of Magma by Vehumet.
  8650 | D:11     | Learned a level 5 spell: Bolt of Magma
  8767 | D:11     | Noticed a gargoyle
  8771 | D:11     | Killed a gargoyle
  8806 | D:11     | Found a staircase to the Orcish Mines.
  8854 | D:11     | Reached XP level 11. HP: 56/56 MP: 13/26
  8872 | D:11     | Noticed a death yak
  8874 | D:11     | Noticed a death yak
  8878 | D:11     | Noticed a death yak
  8881 | D:11     | Killed a death yak
  8884 | D:11     | Killed a death yak
  8887 | D:11     | Killed a death yak
  8895 | D:11     | Noticed a red ugly thing
  9094 | D:12     | Reached skill level 10 in Spellcasting
  9313 | D:12     | Noticed Gastronok
  9325 | D:12     | Killed Gastronok
  9362 | D:12     | Noticed Rupert
  9392 | D:12     | Noticed a deep elf mage
  9395 | D:12     | Killed a deep elf mage
  9584 | D:12     | Noticed Frances
  9592 | D:12     | Noticed a sun demon
  9605 | D:12     | Gained mutation: Potions are less effective at restoring
                  | your health. [a neqoxec]
  9732 | D:12     | Noticed a red ugly thing
  9736 | D:12     | Killed a red ugly thing
  9852 | D:12     | Reached skill level 5 in Dodging
  9910 | D:12     | Noticed an eight-headed hydra
  9915 | D:12     | Slain by an eight-headed hydra

Levels and vault maps discovered:
D:1:      onia_arrival_handbag, layout_rooms, serial_forest,
          infiniplex_forest_zigzag_1, infiniplex_forest_lined_3,
          infiniplex_forest_clump_cross, infiniplex_forest_lined_room_2,
          infiniplex_forest_clump_long, infiniplex_forest_straight_2,
          chequers_serial_rivers_small_b, minivault_26, minmay_close_crescents
D:2:      layout_basic, serial_forest, infiniplex_forest_clump_curved,
          infiniplex_forest_clump_tiny, infiniplex_forest_end_2,
          infiniplex_forest_clump_C, infiniplex_forest_clump_curved,
          infiniplex_forest_clump_tiny
D:3:      layout_loops_ring
D:4:      layout_loops_corners
D:5:      layout_gridville, first_ration, uniq_ijyb
D:6:      layout_basic, minmay_temple_entry_large_hall, serial_corexii_hall,
          corexii_hall_statues_u, corexii_hall_statues_i, basic_altar,
          uniq_duvessa
D:7:      layout_basic, grunt_gozag_statues, minmay_manual_mail
D:8:      layout_cave_pools, grunt_ogre_cave
D:9:      layout_long_grid, enter_bailey_6
D:10:     layout_cross, roderic_lattice_a, uniq_psyche
D:11:     layout_basic, dpeg_lair_monsters
D:12:     layout_stronghold, uniq_frances, uniq_rupert, uniq_gastronok,
          uniq_maurice
Temple:   nicolae_temple_the_god_donut

Skill      XL: |  1  2  3  4  5  6  7  8  9 10 11 |
---------------+----------------------------------+-----
Conjurations   | 2 3 4 5 6 7 9 10 12 | 12.0
Fire Magic     | 4 5 7 8 10 11 12 | 12.2
Spellcasting   | 4 5 6 7 8 9 10 | 10.5
Evocations     | 1 2 3 4 |  4.0
Armour         | 1 2 3 |  3.6
Fighting       | 1 3 |  3.0
Dodging        | 3 5 |  5.1
Stealth        | 3 |  3.0
Ice Magic      | 1 2 |  2.1

Action                   |  1- 3 |  4- 6 |  7- 9 | 10-12 || total
-------------------------+-------+-------+-------+-------++-------
Melee: Club              |     4 |       |       |       ||     4
       Unarmed           |     3 |       |       |       ||     3
       Rapier            |     6 |    11 |     4 |       ||    21
       Dagger            |     2 |       |     7 |       ||     9
       Long sword        |       |     1 |       |       ||     1
       Executioner's axe |       |       |    35 |    50 ||    85
 Cast: Flame Tongue      |    79 |    98 |   135 |   143 ||   455
       Sticky Flame      |       |     6 |    33 |    34 ||    73
       Conjure Flame     |       |     4 |     8 |    13 ||    25
       Fireball          |       |       |    20 |    38 ||    58
       Magic Dart        |       |       |    12 |    14 ||    26
       Bolt of Magma     |       |       |       |     4 ||     4
       Mephitic Cloud    |       |       |       |     1 ||     1
Evoke: Wand              |       |     3 |    13 |     4 ||    20
  Use: Scroll            |       |     6 |     6 |     9 ||    21
       Potion            |       |       |     2 |       ||     2
 Stab: Sleeping          |     1 |     3 |     2 |     2 ||     8
       Confused          |       |       |       |     1 ||     1
  Eat: Chunk             |     1 |     8 |    15 |     9 ||    33
       Ration            |       |       |     1 |     2 ||     3
Armor: Robe              |    26 |    17 |    37 |    11 ||    91
       Troll leather arm |       |       |       |    29 ||    29
Dodge: Dodged            |    65 |    38 |   123 |    78 ||   304
Block: Other             |       |       |    15 |    18 ||    33
       Reflection        |       |       |     1 |       ||     1

Table legend:
 A = Non-vault XP
 B = Vault XP
 C = Vault XP percentage of total XP
 D = Non-vault monster count
 E = Vault monster count
 F = Vault count percentage of total count
                 A         B        C        D         E       F
            +---------+---------+-------+---------+---------+-------
      Total |   13470 |    7366 |  35.4 |     281 |      55 |  16.4
            +---------+---------+-------+---------+---------+-------
        D:1 |      47 |      17 |  26.6 |      24 |       9 |  27.3
        D:2 |      47 |       0 |   0.0 |      22 |       0 |   0.0
        D:3 |      43 |       0 |   0.0 |      10 |       0 |   0.0
        D:4 |     478 |       0 |   0.0 |      28 |       0 |   0.0
        D:5 |     191 |      35 |  15.5 |       9 |       1 |  10.0
        D:6 |    1110 |     215 |  16.2 |      29 |       2 |   6.5
        D:7 |     965 |     290 |  23.1 |      19 |       5 |  20.8
        D:8 |    1463 |     118 |   7.5 |      31 |       1 |   3.1
        D:9 |    1680 |       0 |   0.0 |      40 |       0 |   0.0
       D:10 |    1356 |     434 |  24.2 |      23 |       1 |   4.2
       D:11 |    1363 |    2744 |  66.8 |      15 |       5 |  25.0
       D:12 |    4727 |    2286 |  32.6 |      31 |       1 |   3.1
     Bailey |       0 |    1227 | 100.0 |       0 |      30 | 100.0
            +---------+---------+-------+---------+---------+-------
